 Dungeon Crawl Stone Soup version 0.26-a0-812-g31a745ddcd (webtiles) character file.

Game seed: 14691290313529200867

370 kae the Insei (level 6, -3/36 HPs)
             Began as a Tengu Transmuter on Nov 20, 2020.
             Killed from afar by an orc wizard (11 damage)
             ... with a puff of frost
             ... on level 3 of the Dungeon.
             The game lasted 00:03:06 (5164 turns).

kae the Insei (Tengu Transmuter)                    Turns: 5164, Time: 00:03:07

Health: -3/36      AC:  3    Str: 13    XL:     6   Next: 70%
Magic:  11/11      EV: 16    Int: 13    God:
Gold:   128        SH:  0    Dex: 14    Spells: 5/10 levels left

rFire    . . .     SeeInvis .     - Unarmed
rCold    . . .     Faith    .   (no shield)
rNeg     . . .     Spirit   .   a - +0 robe
rPois    .         Reflect  .   (helmet restricted)
rElec    .         Harm     .   (no cloak)
rCorr    .         Rampage  .   f - +0 pair of gloves
MR       .....                  (boots unavailable)
Stlth    +.........             (no amulet)
HPRegen  0.12/turn              (no ring)
MPRegen  0.12/turn              (no ring)

@: flying quickly and evasively, quick
A: beak, talons 3, able to fly
a: Stop Flying


You were on level 3 of the Dungeon.
You visited 1 branch of the dungeon, and saw 4 of its levels.

You collected 128 gold pieces.

Inventory:

Armour
 a - a +0 robe (worn)
 f - a +0 pair of gloves (worn)
Jewellery
 i - a cursed ring of teleportation {unknown}
Wands
 g - a wand of disintegration (14)
Scrolls
 b - a scroll of remove curse
 d - 2 scrolls of magic mapping
 l - 2 scrolls of identify
Potions
 c - a potion of degeneration
 e - a potion of lignification
 h - a potion of cancellation {unknown}
 j - 2 potions of magic {unknown}
 k - 2 potions of heal wounds {unknown}


   Skills:
 + Level 2.3 Fighting
 + Level 2.0 Armour
 + Level 3.3 Dodging
 * Level 4.9 Unarmed Combat
 + Level 2.7 Spellcasting
 * Level 3.2 Transmutations


You had 5 spell levels left.
You knew the following spells:

 Your Spells              Type           Power        Failure   Level
a - Beastly Appendage     Tmut           ##....       6%          1
b - Corona                Hex            #......      24%         1
c - Spider Form           Tmut/Pois      #.........   36%         3

Your spell library contained the following spells:

 Spells                   Type           Power        Failure   Level
 Wereblood                Tmut           ##......     10%         2
 Ensorcelled Hibernation  Hex/Ice        #.....       34%         2
 Confusing Touch          Hex            #.......     56%         3
 Dazzling Flash           Conj/Hex       #.....       56%         3
 Tukima's Dance           Hex            #.......     56%         3
 Ice Form                 Ice/Tmut       #.......     77%         4
 Blade Hands              Tmut           ##........   87%         5


Dungeon Overview and Level Annotations

Branches:
Dungeon (4/15)
 Temple: D:4-7

Altars:
Ashenzari
Qazlal
Zin

Annotations:
D:3 1 runed translucent door, 2 transporters, exclusion: centaur, Verendum's ghost, weakling OpTm


Innate Abilities, Weirdness & Mutations

You have a beak for a mouth.
You have claws for feet.
You can fly continuously.


Message History

The orc hits you with a +0 club. The orc wizard casts a spell at you.
The puff of frost hits you! The orc hits you with a +0 dagger.
The orc wizard gestures at you while chanting.
The puff of flame hits you! The orc misses you. The orc barely misses you.
The orc throws a boomerang.
The boomerang misses you.
You hear an angry hiss.
Found 12 gold pieces and a scroll labelled AWECRA INEU.
There is a stone staircase leading up here.
The orc wizard misses you. The orc closely misses you. The orc misses you.
You fly upwards.
Level annotation: 1 runed translucent door, 2 transporters, exclusion: centaur, Verendum's ghost, weakling OpTm
There is a stone staircase leading down here.
Okay, then.
The orc hits you with a +0 dagger.
The orc wizard hits you with a +0 dagger.
* * * LOW HITPOINT WARNING * * *
The orc wizard points at you and mumbles some strange words.
The puff of frost hits you!
You die...

# #.....# # #.....#
# #.....# # #.....#
# #.....#########
######.####........#
................oo.#
############
#.####.####....o...#
#..†........ #.# #.#
######@###
#.#########. #.# #.#
#.# #.#..# #. #.#
#.# #.# #.#..# #.
#.# #.# #.# #.#..#
#. #.# #.# #.#
#.#..# #. #.# #.#
#.# #)#<.# #> #.#
#.######
#.#####....######.
#.# #.......
#.))...........†..
#.####.......
##################


You could see an orc wizard and 2 orcs.

Vanquished Creatures
  An ogre (D:4)
  Jessica (D:3)
  A worker ant (D:4)
  An orc wizard (D:3)
  7 gnolls (D:3)
  5 adders
  An ooze (D:1)
  3 worms
  3 dart slugs (D:1)
  2 leopard geckos (D:1)
  8 orcs
  6 giant cockroaches
  5 goblins
  5 hobgoblins
  2 jackals (D:1)
  2 ball pythons (D:3)
  5 bats
  4 frilled lizards
  5 kobolds
  7 rats
74 creatures vanquished.

Notes
Turn   | Place    | Note
-------+----------+-------------------------------------------
     0 | D:1      | kae the Tengu Transmuter began the quest for the Orb.
     0 | D:1      | Reached XP level 1. HP: 12/12 MP: 4/4
   283 | D:1      | Reached XP level 2. HP: 16/16 MP: 4/6
   778 | D:1      | Reached XP level 3. HP: 20/20 MP: 5/7
  2094 | D:2      | Reached XP level 4. HP: 24/25 MP: 8/8
  2466 | D:2      | Found a stormy altar of Qazlal.
  2490 | D:2      | Reached skill level 4 in Unarmed Combat
  2900 | D:3      | Reached skill level 1 in Armour
  3309 | D:3      | You fall into a shaft and drop 1 floor!
  3309 | D:4      | Noticed an ogre
  3319 | D:4      | Killed an ogre
  3319 | D:4      | Gained mutation: You can fly continuously. [Tengu growth]
  3319 | D:4      | Reached XP level 5. HP: 28/30 MP: 9/9
  3475 | D:4      | Reached XP level 6. HP: 35/35 MP: 10/10
  3596 | D:3      | Noticed Jessica
  3607 | D:3      | Learned a level 1 spell: Corona
  3612 | D:3      | Killed Jessica
  3775 | D:3      | Learned a level 3 spell: Spider Form
  4422 | D:3      | Found a glowing silver altar of Zin.
  4423 | D:3      | Found a runed translucent door.
  4423 | D:3      | Noticed an angel
  4448 | D:3      | Noticed Verendum's ghost (weakling OpTm)
  4450 | D:3      | Found a transporter.
  4450 | D:3      | Found a transporter.
  4701 | D:3      | Found a broken altar of Ashenzari.
  5164 | D:3      | Killed from afar by an orc wizard

Illustrated notes

Levels and vault maps discovered:
D:1:      scummos_arrival_simple_fountains, layout_basic
D:2:      lemuel_upstairs_altar, layout_basic, lemuel_coloured_pillars_altar
D:3:      layout_basic, marbit_many_paths, gammafunk_ghost_smash,
          lemuel_angel_altar, uniq_jessica
D:4:      layout_basic, gammafunk_ghost_arena

Skill      XL: |  1  2  3  4  5  6 |
---------------+-------------------+-----
Transmutations | 2 3 |  3.2
Unarmed Combat | 4 |  4.9
Armour         | 1 2 |  2.0
Fighting       | 2 |  2.3
Dodging        | 3 |  3.3
Spellcasting   | |  2.7

Action                   |  1- 3 |  4- 6 || total
-------------------------+-------+-------++-------
Melee: Unarmed           |    77 |   116 ||   193
       Kick              |    21 |    19 ||    40
       Headbutt          |    10 |     1 ||    11
       Peck              |     8 |    16 ||    24
       Punch             |     1 |     2 ||     3
 Cast: Beastly Appendage |    20 |    12 ||    32
       Corona            |       |    10 ||    10
       Spider Form       |       |     1 ||     1
 Abil: Fly               |       |     1 ||     1
  Use: Scroll            |     3 |     2 ||     5
       Potion            |       |     7 ||     7
 Stab: Sleeping          |     1 |     2 ||     3
Armor: Robe              |    20 |    11 ||    31
       Skin              |       |    21 ||    21
Dodge: Dodged            |    36 |    67 ||   103

Table legend: (Time is in decaauts)
 A = Elapsed time spent in this place.
 B = Non-inter-level travel time spent in this place.
 C = Inter-level travel time spent in this place.
 D = Time resting spent in this place.
 E = Time spent auto-exploring this place.
 F = Levels seen in this place.
 G = Mean time per level.
                   A        B        C        D        E       F      G
               +--------+--------+--------+--------+--------+-----+--------+
         Total |   5122 |   4815 |    307 |    703 |   3622 |   4 | 1280.5 |
       Dungeon |   5122 |   4815 |    307 |    703 |   3622 |   4 | 1280.5 |
               +--------+--------+--------+--------+--------+-----+--------+

Top non-repeatable levels by time:
     D:3: 2081 daAuts
     D:1: 1597 daAuts
     D:2: 1261 daAuts
     D:4: 182 daAuts
